Map: Ever Dream LE

Players

Misery - Winner!

  • Race: Terran Terran
  • League: Master
  • Spawn Location: 7:00

WinterSC

  • Race: Protoss Protoss
  • League: Master
  • Spawn Location: 1:00

VOD

Have the link to the VOD?

Description

Time

  • Played on: June 3, 2020, 11:16 p.m.
  • Length: 9:37
Show
View Real Time Build Order
Export as new Build Order

Misery Terran - Winner!

Build Orders: Cyclone Opening 

Get SALT Encoding   

  12  0:00  SCV  
  13  0:13  SCV  
  14  0:17  Supply Depot  
  14  0:25  SCV  
  15  0:39  SCV  
  15  0:40  Barracks  
  16  0:43  Refinery  
  16  0:51  SCV  
  16  0:52  Refinery  
  17  1:02  Supply Depot  
  17  1:06  SCV  
  18  1:18  SCV  
  19  1:28  Reaper  
  19  1:30  Orbital Command  
  20  1:42  Factory  
  20  1:56  SCV  
  21  2:09  SCV  
  22  2:18  Command Center  
  22  2:21  SCV  
  23  2:28  Factory Tech Lab  
  23  2:30  Barracks Reactor  
  23  2:33  SCV  
  24  2:38  Starport  
  24  2:47  Cyclone  
  24  2:50  SCV  
  28  2:56  Supply Depot  
  28  3:02  SCV  
  29  3:07  Marine x2  
  31  3:26  SCV  
  31  3:30  Factory Tech Lab  
  31  3:32  Marine x2  
  31  3:33  Cloaking Field, Banshee  
  36  3:41  SCV  
  37  3:50  Siege Tank  
  40  3:56  SCV, Orbital Command  
  40  3:58  Marine  
  40  3:59  Marine  
  43  4:09  SCV  
  44  4:14  Supply Depot  
  44  4:16  Banshee  
  47  4:19  Marine  
  47  4:20  Marine  
  47  4:21  SCV  
  50  4:33  SCV  
  50  4:34  SCV  
  52  4:42  Marine x2, Siege Tank  
  52  4:45  SCV  
  58  4:46  Supply Depot  
  58  4:51  SCV  
  59  4:55  Supply Depot  
  59  4:57  SCV  
  60  5:01  Marine x2  
  62  5:07  Banshee  
  65  5:18  SCV x2  
  67  5:24  Command Center  
  67  5:29  Marine x2, Siege Tank  
  72  5:36  Supply Depot, SCV  
  73  5:44  SCV  
  73  5:48  Supply Depot  
  68  6:15  Marine x2  
  68  6:16  Siege Tank  
  66  6:29  Banshee  
  69  6:34  Barracks  
  69  6:36  Barracks  
  69  6:37  Marine x2  
  69  6:47  Bunker  
  69  6:48  Siege Tank  
  69  6:49  Bunker x2  
  72  6:57  SCV x2  
  72  6:58  Orbital Command  
  72  7:12  Banshee  
  72  7:14  Engineering Bay  
  75  7:20  Marine x2  
  75  7:22  Barracks Tech Lab, Siege Tank  
  78  7:24  Barracks Tech Lab  
  78  7:27  SCV  
  79  7:35  Bunker  
  79  7:43  SCV x2  
  81  7:48  Supply Depot  
  81  7:49  SCV  
  82  7:51  Supply Depot  
  81  8:05  SCV  
  82  8:07  Marine x3  
  84  8:18  Marine  
  85  8:20  SCV x2  
  85  8:23  Supply Depot  
  85  8:25  Marine  
  85  8:26  SCV  
  89  8:32  SCV  
  81  8:42  Marauder, Marine x2  
  81  8:43  SCV x2  
  81  8:46  Missile Turret  
  81  8:47  SCV  
  88  8:49  Refinery  
  88  8:50  Refinery  
  88  8:55  SCV  
  89  9:00  Marauder  
  84  9:09  Marauder, Marine x2  
  80  9:14  SCV x2  
  81  9:35  Armory  
  83  9:37  Engineering Bay  
Show
View Real Time Build Order
Export as new Build Order

WinterSC Protoss 

Build Orders: 1 Gate Expand, Phoenix Opening 

Get SALT Encoding   

  12  0:01  Probe  
  13  0:13  Probe  
  14  0:17  Pylon  
  14  0:25  Probe  
  15  0:37  Probe (Chrono Boost)  
  15  0:38  Gateway  
  16  0:47  Assimilator  
  16  0:48  Probe (Chrono Boost)  
  17  0:52  Probe (Chrono Boost)  
  18  1:03  Probe  
  19  1:15  Probe  
  20  1:25  Cybernetics Core  
  20  1:27  Probe  
  21  1:40  Nexus  
  21  1:51  Assimilator  
  22  1:55  Pylon  
  22  1:59  Stalker (Chrono Boost)  
  22  2:02  Warp Gate (Chrono Boost)  
  23  2:13  Probe  
  24  2:22  Stalker  
  26  2:25  Probe  
  27  2:33  Shield Battery  
  27  2:38  Probe  
  28  2:49  Stargate  
  28  2:53  Stalker (Chrono Boost)  
  28  2:55  Shield Battery  
  30  3:28  Probe, Gateway  
  31  3:34  Phoenix (Chrono Boost)  
  31  3:41  Probe  
  34  3:42  Gateway  
  34  3:44  Stalker  
  36  3:50  Probe  
  36  3:53  Probe  
  37  4:02  Probe, Phoenix  
  40  4:05  Probe  
  40  4:08  Sentry  
  43  4:14  Probe  
  44  4:22  Probe  
  45  4:26  Probe  
  44  4:41  Probe x2  
  46  4:48  Pylon  
  46  4:52  Nexus  
  46  4:57  Pylon  
  46  5:00  Probe  
  46  5:06  Oracle, Shield Battery  
  47  5:15  Probe  
  47  5:16  Probe  
  49  5:23  Shield Battery  
  49  5:28  Probe  
  50  5:31  Robotics Facility  
  50  5:34  Probe  
  51  5:40  Probe  
  52  5:46  Probe, Twilight Council  
  52  5:49  Forge  
  53  5:53  Pylon  
  53  5:56  Phoenix  
  53  5:57  Adept  
  53  5:59  Adept  
  53  6:02  Sentry  
  56  6:13  Probe x2  
  56  6:16  Gateway  
  55  6:25  Probe  
  55  6:27  Observer  
  55  6:28  Stalker x2  
  58  6:33  Probe  
  58  6:37  Probe  
  60  6:44  Stalker  
  60  6:45  Probe  
  63  6:49  Probe  
  55  7:00  Stalker x2  
  58  7:13  Gateway  
  58  7:14  Pylon  
  58  7:18  Gateway  
  58  7:21  Gateway  
  58  7:22  Adept  
  58  7:23  Adept x2  
  64  7:42  Probe  
  63  7:58  Probe, Immortal (Chrono Boost)  
  59  8:20  Adept x5  
  63  8:45  Pylon  
  63  8:47  Pylon  
  61  8:56  Warp Prism  
  47  9:18  Nexus  
Tags
 
Add a new tag
Caveats
  • Supply blocks, unpowered buildings, or Contaminate may cause inaccurate times.
  • Supply counts are checked every 10 seconds.